MLB
PHILADELPHIA PHILLIES @ TORONTO BLUE JAYS
05/28/2099
 
TOP OF THE 1ST
Philadelphia Phillies batting - Pitching for Toronto Blue Jays : RHP Ryan Czarnecki
Pitching: RHP Ryan Czarnecki
Batting: RHB Ryan Klepper 0-0: Ball
1-0: Ball
2-0: Foul Ball, location: 5FF
2-1: Foul Ball, location: 5F
2-2: Fly out, F8 (Flyball, 8LM, EV 95.6 MPH)
Batting: SHB Tim Spotton 0-0: Called Strike
0-1: Called Strike
0-2: Strikes out swinging
Batting: RHB David Schafer 0-0: Called Strike
0-1: Foul Ball, location: 7LSFF
0-2: Ball
1-2: Strikes out swinging
Top of the 1st over - 0 runs, 0 hits, 0 errors, 0 left on base; Philadelphia 0 - Toronto 0
BOTTOM OF THE 1ST
Toronto Blue Jays batting - Pitching for Philadelphia Phillies : RHP Chris Windows
Pitching: RHP Chris Windows
Batting: LHB Collin Coleman 0-0: Called Strike
0-1: Fly out, F8 (Line Drive, 8LM, EV 89.4 MPH)
Batting: SHB Dennis Desper 0-0: Foul Ball, location: 2F
0-1: Swinging Strike
0-2: Ball
1-2: Strikes out looking
Batting: RHB Danny Daugherty 0-0: SOLO HOME RUN (Flyball, 8RXD, EV 109.4 MPH), Distance : 445 ft
Batting: LHB John Slaff 0-0: Called Strike
0-1: Called Strike
0-2: Fly out, F8 (Flyball, 8RM, EV 85.0 MPH)
Bottom of the 1st over - 1 run, 1 hit, 0 errors, 0 left on base; Philadelphia 0 - Toronto 1
TOP OF THE 2ND
Philadelphia Phillies batting - Pitching for Toronto Blue Jays : RHP Ryan Czarnecki
Batting: SHB Pete Ray 0-0: Ball
1-0: Ball
2-0: Ball
3-0: Foul Ball, location: 7LMF
3-1: Base on Balls
Batting: RHB Norge Carlos Hernandez 0-0: Ball
1-0: Ball
2-0: Ball
3-0: Called Strike
3-1: Foul Ball, location: 23F
3-2: Strikes out swinging
Batting: RHB Mike Bedard 0-0: Called Strike
0-1: Swinging Strike
0-2: Strikes out looking
Batting: RHB Vicente Vargas 0-0: Called Strike
0-1: Swinging Strike
0-2: Ball
1-2: Strikes out swinging
Top of the 2nd over - 0 runs, 0 hits, 0 errors, 1 left on base; Philadelphia 0 - Toronto 1
BOTTOM OF THE 2ND
Toronto Blue Jays batting - Pitching for Philadelphia Phillies : RHP Chris Windows
Batting: RHB Greg Whitaker 0-0: Ball
1-0: Ball
2-0: Foul Ball, location: 23F
2-1: Foul Ball, location: 2F
2-2: Ground out 5-3 (Groundball, 56S, EV 83.1 MPH)
Batting: RHB Justin Dupree 0-0: Ball
1-0: Ball
2-0: Called Strike
2-1: Ball
3-1: Foul Ball, location: 9LSF
3-2: Base on Balls
Batting: RHB Greg Bates 0-0: 2-RUN HOME RUN (Flyball, 89XD, EV 110.0 MPH), Distance : 410 ft
Batting: SHB Mark Spalding 0-0: Ball
1-0: Swinging Strike
1-1: Swinging Strike
1-2: Strikes out swinging
Batting: SHB Alex Carrillo 0-0: SOLO HOME RUN (Flyball, 7LD, EV 91.9 MPH), Distance : 350 ft
Batting: LHB Collin Coleman 0-0: Called Strike
0-1: Ball
1-1: Ball
2-1: Ball
3-1: Called Strike
3-2: Foul Ball, location: 2F
3-2: Fly out, F8 (Line Drive, 8RM, EV 91.3 MPH)
Bottom of the 2nd over - 3 runs, 2 hits, 0 errors, 0 left on base; Philadelphia 0 - Toronto 4
TOP OF THE 3RD
Philadelphia Phillies batting - Pitching for Toronto Blue Jays : RHP Ryan Czarnecki
Batting: SHB Rob Brady 0-0: Ground out 3-1 (Groundball, 34, EV 105.6 MPH)
Batting: RHB Jarred Giordano 0-0: Ground out 4-3 (Groundball, 34, EV 86.9 MPH)
Batting: RHB Ryan Klepper 0-0: Called Strike
0-1: Fly out, F8 (Flyball, 78XD, EV 81.9 MPH)
Top of the 3rd over - 0 runs, 0 hits, 0 errors, 0 left on base; Philadelphia 0 - Toronto 4
BOTTOM OF THE 3RD
Toronto Blue Jays batting - Pitching for Philadelphia Phillies : RHP Chris Windows
Batting: SHB Dennis Desper 0-0: Swinging Strike
0-1: Swinging Strike
0-2: Foul Ball, location: 9LMF
0-2: Ball
1-2: Strikes out swinging
Batting: RHB Danny Daugherty 0-0: Ball
1-0: Foul Ball, location: 2F
1-1: Ground out 6-3 (Groundball, 56, EV 105.0 MPH)
Batting: LHB John Slaff 0-0: Ball
1-0: Ball
2-0: Ball
3-0: Base on Balls
Batting: RHB Greg Whitaker 0-0: Called Strike
0-1: Ball
1-1: Called Strike
John Slaff steals 2nd base
1-2: Strikes out swinging
Bottom of the 3rd over - 0 runs, 0 hits, 0 errors, 1 left on base; Philadelphia 0 - Toronto 4
TOP OF THE 4TH
Philadelphia Phillies batting - Pitching for Toronto Blue Jays : RHP Ryan Czarnecki
Batting: SHB Tim Spotton 0-0: Ball
1-0: Foul Ball, location: 7LMF
1-1: Ball
2-1: Swinging Strike
2-2: SINGLE (Line Drive, 7S, EV 93.1 MPH)
Batting: RHB David Schafer 0-0: Called Strike
Tim Spotton steals 2nd base
0-1: Foul Ball, location: 5DF
0-2: Strikes out swinging
Batting: SHB Pete Ray 0-0: Ball
1-0: Foul Ball, location: 9LDF
1-1: Foul Ball, location: 2RF
1-2: Foul Ball, location: 2F
1-2: Strikes out looking
Batting: RHB Norge Carlos Hernandez 0-0: Called Strike
0-1: Swinging Strike
0-2: Ball
Wild Pitch!
Tim Spotton to third
1-2: Ball
2-2: Ball
3-2: Strikes out swinging
Top of the 4th over - 0 runs, 1 hit, 0 errors, 1 left on base; Philadelphia 0 - Toronto 4
BOTTOM OF THE 4TH
Toronto Blue Jays batting - Pitching for Philadelphia Phillies : RHP Chris Windows
Batting: RHB Justin Dupree 0-0: Called Strike
0-1: Ball
1-1: Ball
2-1: Ball
3-1: Foul Ball, location: 2F
3-2: Foul Ball, location: 2F
3-2: Strikes out swinging
Batting: RHB Greg Bates 0-0: Called Strike
0-1: Ball
1-1: Foul Ball, location: 3SF
1-2: Foul Ball, location: 5F
1-2: Ball
2-2: Foul Ball, location: 25F
2-2: Foul Ball, location: 2F
2-2: DOUBLE (Line Drive, 7LS, EV 88.8 MPH)
Batting: SHB Mark Spalding 0-0: Ball
1-0: Ball
2-0: Ball
3-0: Called Strike
3-1: Fly out, F6 (Popup, 6M, EV 73.1 MPH)
Batting: SHB Alex Carrillo 0-0: Fly out, F7 (Flyball, 7, EV 87.5 MPH)
Bottom of the 4th over - 0 runs, 1 hit, 0 errors, 1 left on base; Philadelphia 0 - Toronto 4
TOP OF THE 5TH
Philadelphia Phillies batting - Pitching for Toronto Blue Jays : RHP Ryan Czarnecki
Batting: RHB Mike Bedard 0-0: Called Strike
0-1: Ball
1-1: Ball
2-1: Ball
3-1: Swinging Strike
3-2: Base on Balls
Batting: RHB Vicente Vargas 0-0: Ball
1-0: Called Strike
1-1: Ball
2-1: Foul Ball, location: 2F
2-2: Ball
3-2: SINGLE (Line Drive, 34D, EV 99.4 MPH)
Mike Bedard to second
Runner from 2nd tries for 3rd, SAFE, no throw by RF
Batting: SHB Rob Brady 0-0: SINGLE (Groundball, 34D, EV 98.8 MPH) (infield hit)
Mike Bedard scores
Vicente Vargas to second
Batting: RHB Jarred Giordano 0-0: Grounds into double play, 5-4-3 (Groundball, 56S, EV 81.9 MPH)
Vicente Vargas to third
Batting: RHB Ryan Klepper 0-0: Ball
1-0: Ball
2-0: Ground out 6-3 (Groundball, 6, EV 98.8 MPH)
Top of the 5th over - 1 run, 2 hits, 0 errors, 1 left on base; Philadelphia 1 - Toronto 4
BOTTOM OF THE 5TH
Toronto Blue Jays batting - Pitching for Philadelphia Phillies : RHP Chris Windows
Batting: LHB Collin Coleman 0-0: Fly out, F8 (Flyball, 8RM, EV 90.6 MPH)
Batting: SHB Dennis Desper 0-0: Called Strike
0-1: Ball
1-1: Fly out, F8 (Flyball, 8LD, EV 86.3 MPH)
Batting: RHB Danny Daugherty 0-0: Called Strike
0-1: Foul Ball, location: 2F
0-2: Ball
1-2: Strikes out swinging, 2-3 out at first.
Bottom of the 5th over - 0 runs, 0 hits, 0 errors, 0 left on base; Philadelphia 1 - Toronto 4
TOP OF THE 6TH
Philadelphia Phillies batting - Pitching for Toronto Blue Jays : RHP Ryan Czarnecki
Batting: SHB Tim Spotton 0-0: Ball
1-0: SINGLE (Line Drive, 78S, EV 105.6 MPH)
Batting: RHB David Schafer 0-0: Ball
1-0: Ball
2-0: Called Strike
2-1: Swinging Strike
2-2: Fly out, F8 (Flyball, 8RXD, EV 110.6 MPH)
Runner from 1st tags up, SAFE at 2nd
Batting: SHB Pete Ray 0-0: Ground out 4-3 (Groundball, 4MD, EV 94.4 MPH)
Tim Spotton to third
Batting: RHB Norge Carlos Hernandez 0-0: Ball
1-0: Ground out 5-3 (Groundball, 56, EV 101.9 MPH)
Top of the 6th over - 0 runs, 1 hit, 0 errors, 1 left on base; Philadelphia 1 - Toronto 4
BOTTOM OF THE 6TH
Toronto Blue Jays batting - Pitching for Philadelphia Phillies : RHP Chris Windows
Batting: LHB John Slaff 0-0: Ball
1-0: Swinging Strike
1-1: Ball
2-1: Ball
3-1: Base on Balls
Pitching: RHP Dave Quiram
Batting: RHB Greg Whitaker 0-0: Ground out 6-3 (Groundball, 6M, EV 80.0 MPH)
John Slaff to second
Batting: RHB Justin Dupree 0-0: Swinging Strike
0-1: Ground out 4-3 (Groundball, 4S, EV 82.5 MPH)
John Slaff to third
Batting: RHB Greg Bates 0-0: Ground out 5-3 (Groundball, 56, EV 91.9 MPH)
Bottom of the 6th over - 0 runs, 0 hits, 0 errors, 1 left on base; Philadelphia 1 - Toronto 4
TOP OF THE 7TH
Philadelphia Phillies batting - Pitching for Toronto Blue Jays : RHP Ryan Czarnecki
Batting: RHB Mike Bedard 0-0: Ball
1-0: Foul Ball, location: 9LDF
1-1: Swinging Strike
1-2: Strikes out swinging
Batting: RHB Vicente Vargas 0-0: Ball
1-0: Ground out 1-3 (Groundball, 34S, EV 70.0 MPH)
Batting: SHB Rob Brady 0-0: Ball
1-0: Swinging Strike
1-1: Ball
2-1: Called Strike
2-2: Ball
3-2: Strikes out swinging
Top of the 7th over - 0 runs, 0 hits, 0 errors, 0 left on base; Philadelphia 1 - Toronto 4
BOTTOM OF THE 7TH
Toronto Blue Jays batting - Pitching for Philadelphia Phillies : RHP Dave Quiram
Batting: SHB Mark Spalding 0-0: Ball
1-0: Ball
2-0: Foul Ball, location: 2F
2-1: Swinging Strike
2-2: Ground out 4-3 (Groundball, 4, EV 88.8 MPH)
Batting: SHB Alex Carrillo 0-0: Ball
1-0: SINGLE (Line Drive, 56D, EV 99.4 MPH)
Batting: LHB Collin Coleman 0-0: Ground out 6-3 (Groundball, 6MD, EV 101.3 MPH)
Alex Carrillo to second
Batting: SHB Dennis Desper 0-0: Ball
1-0: Foul Ball, location: 9LSF
1-1: Called Strike
1-2: SINGLE (Groundball, 4MD, EV 107.5 MPH)
Alex Carrillo to third
Runner from 3rd tries for Home, SAFE, throw by CF to home
Batting: RHB Danny Daugherty 0-0: Ball
1-0: Swinging Strike
1-1: Ball
2-1: Ball
3-1: Called Strike
3-2: Strikes out looking
Bottom of the 7th over - 1 run, 2 hits, 0 errors, 1 left on base; Philadelphia 1 - Toronto 5
TOP OF THE 8TH
Philadelphia Phillies batting - Pitching for Toronto Blue Jays : RHP Ryan Czarnecki
Pitching: RHP Ivan Juarez
Batting: RHB Jarred Giordano 0-0: Ground out 5-3 (Groundball, 56S, EV 92.5 MPH)
Batting: RHB Ryan Klepper 0-0: Ball
1-0: Ball
2-0: SINGLE (Line Drive, 6D, EV 105.6 MPH)
Batting: SHB Tim Spotton 0-0: Called Strike
0-1: Ball
1-1: Called Strike
1-2: Foul Ball, location: 7LMFF
1-2: Ball
2-2: Foul Ball, location: 2F
2-2: Strikes out looking
Batting: RHB David Schafer 0-0: Called Strike
0-1: Swinging Strike
0-2: Ball
1-2: Foul Ball, location: 9LDF
1-2: Foul Ball, location: 2F
1-2: Strikes out looking
Top of the 8th over - 0 runs, 1 hit, 0 errors, 1 left on base; Philadelphia 1 - Toronto 5
BOTTOM OF THE 8TH
Toronto Blue Jays batting - Pitching for Philadelphia Phillies : RHP Dave Quiram
Batting: LHB John Slaff 0-0: Called Strike
0-1: Called Strike
0-2: Strikes out swinging
Batting: RHB Greg Whitaker 0-0: Called Strike
0-1: Ball
1-1: Ball
2-1: Swinging Strike
2-2: Strikes out swinging
Batting: RHB Justin Dupree 0-0: Called Strike
0-1: Foul Ball, location: 5F
0-2: Ball
1-2: Foul Ball, location: 7LMF
1-2: Ball
2-2: Ground out 6-3 (Groundball, 4MS, EV 88.1 MPH)
Bottom of the 8th over - 0 runs, 0 hits, 0 errors, 0 left on base; Philadelphia 1 - Toronto 5
TOP OF THE 9TH
Philadelphia Phillies batting - Pitching for Toronto Blue Jays : RHP Ivan Juarez
Batting: SHB Pete Ray 0-0: Ball
1-0: Fly out, F8 (Flyball, 78S, EV 92.5 MPH)
Batting: RHB Norge Carlos Hernandez 0-0: Ball
1-0: Swinging Strike
1-1: Foul Ball, location: 3F
1-2: Foul Ball, location: 9LSF
1-2: Foul Ball, location: 5F
1-2: Foul Ball, location: 2F
1-2: Strikes out looking
Batting: RHB Mike Bedard 0-0: Called Strike
0-1: Foul Ball, location: 9LMF
0-2: Ball
1-2: Ball
2-2: Foul Ball, location: 9LMF
2-2: Strikes out swinging
Top of the 9th over - 0 runs, 0 hits, 0 errors, 0 left on base; Philadelphia 1 - Toronto 5
Monday, May 6th , 2024 - OOTP Baseball 24.11 Build 85